 Dungeon Crawl Stone Soup version 0.19.5 (webtiles) character file.

372 Nelagord the Sneak (level 6, -13/55 HPs)
             Began as a Gargoyle Assassin on Mar 15, 2017.
             Was a Follower of Uskayaw.
             Mangled by an ogre
             ... wielding a +0 giant club
              (18 damage)
             ... on level 4 of the Dungeon.
             The game lasted 00:11:57 (3070 turns).

Nelagord the Sneak (Gargoyle Assassin)              Turns: 3070, Time: 00:11:58

Health: -13/55     AC: 23    Str: 17 (20) XL:     6   Next: 71%
Magic:  6/6        EV:  2    Int:  9 (12) God:    Uskayaw [*.....]
Gold:   137        SH:  0    Dex: 12 (13) Spells: 0 memorised, 5 levels left

rFire  . . .     SeeInvis .     i - +3 spear
rCold  . . .     Gourm    .     (armour currently unavailable)
rNeg   + + +     Faith    .     (no shield)
rPois  ∞         Spirit   .     (helmet currently unavailable)
rElec  .         Reflect  .     (cloak currently unavailable)
rCorr  .         Harm     .     (gloves currently unavailable)
MR     .....     NoTele   +     (boots currently unavailable)
Stlth  +++.......               (no amulet)
                                (no ring)
                                t - +6 ring of strength

@: tree-form, very slightly contaminated, invisible
A: negative energy resistance 1, (electricity resistance), (unbreathing),
petrification resistance, rot immunity, AC +4
a: Stomp, Renounce Religion


You were on level 4 of the Dungeon.
You worshipped Uskayaw.
Uskayaw was noncommittal.
You were not hungry.
You were a tree.
You visited 1 branch of the dungeon, and saw 4 of its levels.

You collected 137 gold pieces.

Inventory:

Hand Weapons
 a - a +2 dagger
 b - a +0 blowgun
 i - a +3 spear (weapon)
 j - a +0 short sword of protection
 k - a +2 dagger of holy wrath
 w - a +3 hand axe
Missiles
 e - 8 poisoned needles
 f - 2 curare-tipped needles
Armour
 c - a +0 robe
 d - a +1 cloak (melded)
 l - a +0 scale mail (melded)
 v - a +0 helmet (melded)
Jewellery
 t - a +6 ring of strength (left branch)
 E - an uncursed ring of protection from magic {unknown}
Wands
 x - a wand of confusion (33/48)
 A - a wand of paralysis (7/24)
Scrolls
 h - a scroll of random uselessness
 n - 2 scrolls of teleportation
 s - 2 scrolls of recharging {unknown}
 y - a scroll of remove curse {unknown}
 z - 2 scrolls of enchant armour
 C - a scroll of identify
 D - a scroll of amnesia {unknown}
Potions
 o - a potion of agility
 p - a potion of degeneration
Comestibles
 g - 2 bread rations
 m - 5 meat rations
 q - a slice of pizza


   Skills:
 + Level 3.2 Fighting
 - Level 1.7 Short Blades
 + Level 3.1 Polearms
 - Level 1.7 Throwing
 * Level 2.7 Armour
 + Level 2.2 Dodging
 + Level 5.6 Stealth


You had 5 spell levels left.
You didn't know any spells.

Dungeon Overview and Level Annotations

Branches:
Dungeon (4/15)
 Temple: D:4-7

Altars:
Cheibriados
Hepliaklqana
Ru
Trog
Uskayaw


Innate Abilities, Weirdness & Mutations

You are resistant to torment.
((Your stone body is resilient. (AC +4)))
You are immune to poison.
You resist negative energy. (rN+)
((You are resistant to electric shocks. (rElec)))
((You can survive without breathing.))
You are immune to petrification.
You are immune to rotting.


Message History

The ogre is moderately wounded.
The ogre barely misses you.
The howler monkey skeleton hits you but does no damage.
You barely miss the ogre.
The ogre is moderately wounded.
The howler monkey skeleton hits you but does no damage.
The ogre hits you but does no damage.
You hit the ogre.
The ogre is moderately wounded.
The howler monkey skeleton hits you but does no damage.
The ogre hits you with a giant club!
* * * LOW HITPOINT WARNING * * *
You hit the ogre.
The ogre is moderately wounded.
You cannot move.
You cannot move.
You hit the ogre.
The ogre is heavily wounded.
The ogre hits you with a giant club!!
You die...

# #. .####
##### ...#
#...# #Z.#
#.#.#
#..####♣#.####
#..#..ZO#....#
#....#######.#
#.##....#....#
#. ####.#.####
#( #.#.# #.
#...# #. ##.##
#. #<#


You could see an ogre and a howler monkey skeleton.

Vanquished Creatures
  A bullfrog (D:3)
  2 orc priests (D:3)
  An orc wizard (D:2)
  Ijyb (D:3)
  Terence (D:3)
  6 adders
  An ooze (D:3)
  2 worms
  2 dart slugs
  2 leopard geckos
  9 orcs (D:3)
  2 giant cockroaches (D:3)
  21 goblins
  9 hobgoblins
  4 jackals
  A quokka (D:2)
  9 bats
  5 frilled lizards
  10 kobolds
  7 rats
  A bush (D:3)
97 creatures vanquished.

Notes
Turn   | Place    | Note
-------+----------+-------------------------------------------
     0 | D:1      | Nelagord the Gargoyle Assassin began the quest for the Orb.
     0 | D:1      | Reached XP level 1. HP: 12/12 MP: 1/1
   244 | D:1      | Reached XP level 2. HP: 8/17 MP: 2/2
   281 | D:1      | Reached skill level 5 in Stealth
   800 | D:1      | Reached XP level 3. HP: 17/22 MP: 3/3
  1082 | D:2      | Reached skill level 1 in Polearms
  1082 | D:2      | Reached skill level 1 in Dodging
  1194 | D:2      | Reached XP level 4. HP: 25/27 MP: 4/4
  1345 | D:2      | Reached skill level 1 in Armour
  1358 | D:2      | Found a sacrificial altar of Ru.
  1373 | D:2      | Reached XP level 5. HP: 23/32 MP: 5/5
  1926 | D:3      | Reached XP level 6. HP: 25/37 MP: 6/6
  2058 | D:3      | Noticed Terence
  2076 | D:3      | Killed Terence
  2209 | D:3      | Noticed Ijyb
  2224 | D:3      | Killed Ijyb
  2413 | D:3      | Found a hide-covered altar of Uskayaw.
  2413 | D:3      | Found a hazy altar of Hepliaklqana.
  2414 | D:3      | Found a snail-covered altar of Cheibriados.
  2512 | D:3      | Became a worshipper of Uskayaw the Reveler
  2739 | D:3      | Reached * piety under Uskayaw
  2787 | D:3      | Found a bloodstained altar of Trog.
  3070 | D:4      | Mangled by an ogre

Skill      XL: |  1  2  3  4  5  6 |
---------------+-------------------+-----
Stealth        | 5 |  5.6
Polearms       | 1 2 3 |  3.1
Dodging        | 1 2 |  2.2
Armour         | 1 2 |  2.7
Fighting       | 3 |  3.2
Short Blades   | |  1.7
Throwing       | |  1.7

Action                   |  1- 3 |  4- 6 || total
-------------------------+-------+-------++-------
Melee: Spear             |    94 |   308 ||   402
       Dagger            |     8 |       ||     8
  Use: Scroll            |       |     8 ||     8
       Potion            |       |     4 ||     4
 Stab: Sleeping          |     4 |     2 ||     6
       Distracted        |     1 |       ||     1
       Paralysed         |       |     1 ||     1
  Eat: Bread ration      |       |     2 ||     2
Armor: Robe              |    35 |    41 ||    76
       Scale mail        |       |    61 ||    61
       Skin              |       |     5 ||     5
Dodge: Dodged            |    63 |   147 ||   210
